WCHLSIM.com - West Coast Hockey League
html PUBLIC "-//W3C//DTD XHTML 1.0 Transitional//EN" "http://www.w3.org/TR/xhtml1/DTD/xhtml1-transitional.dtd"> WCHL - Game 156 - LOS ANGELES SEALS vs SAN JOSE BRONCOS

LOS ANGELES SEALS vs SAN JOSE BRONCOS

Created - 5 novembre 2021 at 22:41

Goals
1 2 3 OT1 T
LOS ANGELES SEALS 1 0 1 1 3
SAN JOSE BRONCOS 1 1 0 0 2
Shots
1 2 3 OT1 T
LOS ANGELES SEALS 11 6 12 1 30
SAN JOSE BRONCOS 9 4 11 0 24

1st period

1. LOS ANGELES SEALS , Jakob Silfverberg 2 (Erik Haula 4, Adam Boqvist 1) at 0:15
2. SAN JOSE BRONCOS , Mikael Granlund 4 (David Kampf 2) at 19:28

Penalties :
Oskar Sundqvist (LOS) for Slashing (Minor) at 3:14

2nd period

3. SAN JOSE BRONCOS , Anthony Beauvillier 1 (Elias Lindholm 5) at 15:16

Penalties :
Zdeno Chara (SJO) for Roughing (Minor) at 0:39, Jaccob Slavin (SJO) for Hooking (Minor) at 12:04

3rd period

4. LOS ANGELES SEALS , Erik Haula 2 (Jakob Silfverberg 4) at 10:21

Penalties :
Marcus Pettersson (LOS) for Holding (Minor) at 0:31, Oliver Bjorkstrand (SJO) for Hooking (Minor) at 4:11

Overtime #1

5. LOS ANGELES SEALS , Matt Duchene 3 (Christian Wolanin 1) at 0:08

Penalties :
No Penalty

Goalie Stats

Cal Petersen (LOS), 22 saves from 24 shots - (0,917), W, 4-4-0, 60:09 minutes
Thomas Greiss (SJO), 27 saves from 30 shots - (0,900), OTL, 2-0-1, 60:09 minutes

Players Stats for LOS ANGELES SEALS

Player Name              G  A  P  +/- PIM S  H  SB GA TA FO     MP     PP MP  PK MP  
------------------------------------------------------------------------------------
Adam Boqvist             0  1  1   1  0   2  0  0  0  0  0/0    21:07   1:58   1:42 
Christian Wolanin        0  1  1   2  0   2  0  0  0  0  0/0    18:47   0:37   0:00 
Darren Helm              0  0  0   0  0   1  0  0  0  0  1/1    12:54   0:10   1:21 
Erik Haula               1  1  2   1  0   4  0  0  0  0  0/1    19:46   3:41   1:50 
Greg Pateryn             0  0  0   0  0   1  2  0  0  0  0/0    18:48   3:00   2:16 
Isac Lundestrom          0  0  0   0  0   1  0  0  0  0  0/0     9:26   0:00   0:00 
Jack Roslovic            0  0  0   0  0   3  0  0  0  0  0/0     9:36   0:10   0:00 
Jakob Silfverberg        1  1  2   1  0   2  0  0  0  0  2/3    19:46   3:41   1:50 
Kyle Clifford            0  0  0   2  0   0  3  0  0  0  5/12   14:34   0:10   0:00 
Marcus Pettersson        0  0  0  -1  2   0  2  0  0  0  0/0    19:47   0:10   0:00 
Matt Duchene             1  0  1   0  0   5  0  0  0  0  10/20  19:24   2:06   2:08 
Noah Dobson              0  0  0  -1  0   2  0  0  0  0  0/0    22:57   2:47   2:16 
Oskar Sundqvist          0  0  0   0  2   0  1  0  0  0  5/14   12:18   2:06   0:47 
Owen Tippett             0  0  0   0  0   1  1  0  0  0  1/1    11:23   0:00   0:00 
Patrick Maroon           0  0  0  -1  0   0  1  0  0  0  0/0    15:04   0:00   0:00 
Radek Faksa              0  0  0   0  0   1  0  0  0  0  8/14   15:04   3:41   0:00 
Tobias Bjornfot          0  0  0   0  0   2  1  1  0  0  0/0    18:39   3:22   1:42 
Tyler Johnson            0  0  0  -1  0   3  0  0  0  0  0/1    17:07   2:06   0:00 

Players Stats for SAN JOSE BRONCOS

Player Name              G  A  P  +/- PIM S  H  SB GA TA FO     MP     PP MP  PK MP  
------------------------------------------------------------------------------------
Adam Pelech              0  0  0   1  0   0  1  0  0  0  0/0    20:31   1:59   3:14 
Anthony Beauvillier      1  0  1   1  0   1  0  0  0  0  0/0    13:29   0:00   0:00 
Brayden Point            0  0  0  -1  0   3  0  0  0  0  9/16   20:36   1:56   0:00 
Chris Tanev              0  0  0   0  0   0  1  1  0  0  0/0    19:22   0:00   0:32 
Connor Brown             0  0  0   1  0   7  0  0  0  0  0/0    18:13   2:02   2:42 
David Kampf              0  1  1   0  0   1  1  0  0  0  0/0    17:56   0:00   0:00 
Elias Lindholm           0  1  1   0  0   0  0  0  0  0  13/18  18:49   1:56   3:15 
Jaccob Slavin            0  0  0   0  2   1  0  0  0  0  0/0    19:07   0:00   0:00 
Jesper Bratt             0  0  0  -1  0   1  2  0  0  0  0/1    20:42   2:02   0:00 
Mikael Granlund          1  0  1   0  0   2  1  0  0  0  9/24   18:49   2:02   3:15 
Mike Reilly              0  0  0  -1  0   1  0  0  0  0  0/0    21:16   1:59   3:38 
Neal Pionk               0  0  0  -2  0   0  2  0  0  0  0/0    20:12   1:59   2:25 
Nick Bonino              0  0  0   0  0   1  0  0  0  0  4/7     7:06   0:00   2:42 
Oliver Bjorkstrand       0  0  0  -2  2   4  2  0  0  0  0/1    20:44   1:56   0:00 
Oliver Wahlstrom         0  0  0   0  0   2  0  0  0  0  0/0    13:32   0:00   0:00 
Riley Nash               0  0  0   0  0   0  0  0  0  0  0/0     0:00   0:00   0:00 
Tyler Motte              0  0  0   0  0   0  0  0  0  0  0/0     4:24   0:00   0:00 
Zdeno Chara              0  0  0   1  2   0  2  1  0  0  0/0    19:39   1:59   2:05 

3 Stars

1 - Jakob Silfverberg (LOS)
2 - Erik Haula (LOS)
3 - Anthony Beauvillier (SJO)

Power Play

LOS ANGELES SEALS - 0 on 3 Attempt(s) - 0,00%
SAN JOSE BRONCOS - 0 on 2 Attempt(s) - 0,00%

Penalty Kill

LOS ANGELES SEALS - 2 on 2 Attempt(s) - 100,00% - Score 0 goal in Penalty Kill
SAN JOSE BRONCOS - 3 on 3 Attempt(s) - 100,00% - Score 0 goal in Penalty Kill

Team Stat

LOS ANGELES SEALS - Hits : 11 - Faceoff Wins : 32 - Blocked Shots : 1 - Penalty Minutes : 4
SAN JOSE BRONCOS - Hits : 12 - Faceoff Wins : 35 - Blocked Shots : 2 - Penalty Minutes : 6

Official

Referees : Dan Kelly and Peter MacDougall
Linesman : Kyle Larson and Kory Nagy

Game Notes

No Game Note

Finance

Level 1 -- Attendance: 5627 (93,78%) -- Ticket Income 1 040 995 $
Level 2 -- Attendance: 4858 (97,16%) -- Ticket Income 607 250 $
Level 3 -- Attendance: 2251 (56,28%) -- Ticket Income 247 610 $
Level 4 -- Attendance: 4378 (72,97%) -- Ticket Income 328 350 $
Luxury Box -- Attendance: 882 (88,20%) -- Ticket Income 286 650 $
Total Attendance: 17996 (81,80%)
Total Ticket Income: 2 510 855 $
Other Expense: 25 109 $
Total Income: 2 485 746 $

LOS ANGELES SEALS

5 vs 5 Forward 
   Center                   Left Wing                Right Wing               Time % Phy DF OF 
 1 Kyle Clifford            Jakob Silfverberg        Erik Haula               36     1   2  2  
 2 Matt Duchene             Tyler Johnson            Patrick Maroon           31     1   2  2  
 3 Radek Faksa              Darren Helm              Owen Tippett             23     1   2  2  
 4 Oskar Sundqvist          Isac Lundestrom          Jack Roslovic            10     1   2  2  

5 vs 5 Defense 
   Defense                  Defense                                           Time % Phy DF OF 
 1 Christian Wolanin        Adam Boqvist                                      36     1   2  2  
 2 Noah Dobson              Marcus Pettersson                                 31     1   2  2  
 3 Tobias Bjornfot          Greg Pateryn                                      23     1   2  2  
 4 Noah Dobson              Adam Boqvist                                      10     1   2  2  

PowerPlay Forward 
   Center                   Left Wing                Right Wing               Time % Phy DF OF 
 1 Radek Faksa              Jakob Silfverberg        Erik Haula               55     1   2  2  
 2 Matt Duchene             Tyler Johnson            Oskar Sundqvist          45     1   2  2  

PowerPlay Defense
   Defense                  Defense                                           Time % Phy DF OF 
 1 Adam Boqvist             Greg Pateryn                                      55     1   2  2  
 2 Noah Dobson              Tobias Bjornfot                                   45     1   2  2  

Penalty Kill 4 Players Forward 
   Center                   Wing                     Time % Phy DF OF 
 1 Oskar Sundqvist          Matt Duchene             55     1   2  2  
 2 Jakob Silfverberg        Erik Haula               45     1   2  2  

Penalty Kill 4 Players Defense
   Defense                  Defense                  Time % Phy DF OF 
 1 Adam Boqvist             Tobias Bjornfot          55     1   2  2  
 2 Noah Dobson              Greg Pateryn             45     1   2  2  

Penalty Kill - 3 Players Forward 
   Forward                                           Time % Phy DF OF 
 1 Jakob Silfverberg                                 55     1   2  2  
 2 Matt Duchene                                      45     1   2  2  

Penalty Kill - 3 Players Defense
   Defense                  Defense                  Time % Phy DF OF 
 1 Adam Boqvist             Tobias Bjornfot          55     1   2  2  
 2 Noah Dobson              Greg Pateryn             45     1   2  2  

4 vs 4 Forward 
   Center                   Wing                     Time % Phy DF OF 
 1 Radek Faksa              Matt Duchene             55     1   2  2  
 2 Jakob Silfverberg        Erik Haula               45     1   2  2  

4 vs 4 Defense
   Defense                  Defense                  Time % Phy DF OF 
 1 Greg Pateryn             Adam Boqvist             55     1   2  2  
 2 Noah Dobson              Tobias Bjornfot          45     1   2  2  

Last Minutes Offensive
   Center                   Left Wing                Right Wing               Defense                  Defense                  
   Kyle Clifford            Jakob Silfverberg        Erik Haula               Christian Wolanin        Adam Boqvist             

Last Minutes Defensive
   Center                   Left Wing                Right Wing               Defense                  Defense                  
   Kyle Clifford            Jakob Silfverberg        Erik Haula               Christian Wolanin        Adam Boqvist             

Goaltenders
Starting : Cal Petersen             
Backup : Carter Hutton            

Extra Forwards
Normal : Jakob Silfverberg, Radek Faksa, Oskar Sundqvist - PP : Jakob Silfverberg, Radek Faksa - PK : Oskar Sundqvist
Extra Defensemen
Normal : Tobias Bjornfot, Greg Pateryn, Noah Dobson - PP : Tobias Bjornfot - PK : Greg Pateryn, Noah Dobson
Penalty Shots
Oskar Sundqvist, Matt Duchene, Jakob Silfverberg, Erik Haula, Tyler Johnson
Custom OT Lines Forwards
Kyle Clifford, Matt Duchene, Jakob Silfverberg, Erik Haula, Tyler Johnson, Radek Faksa, Oskar Sundqvist, Jack Roslovic, Darren Helm, Isac Lundestrom
Custom OT Lines Defensemen
Christian Wolanin, Adam Boqvist, Noah Dobson, Greg Pateryn, Tobias Bjornfot

Scratches
Dylan Strome (Bruised Right Foot Injury), Jaret Anderson-Dolan (Exhaustion), Ryan Murray (Exhaustion), Daniel Vladar (Healthy)

SAN JOSE BRONCOS

5 vs 5 Forward 
   Center                   Left Wing                Right Wing               Time % Phy DF OF 
 1 Brayden Point            Jesper Bratt             Oliver Bjorkstrand       30     1   2  2  
 2 Elias Lindholm           Anthony Beauvillier      Connor Brown             30     1   2  2  
 3 Mikael Granlund          Oliver Wahlstrom         David Kampf              30     1   2  2  
 4 Nick Bonino              Tyler Motte              David Kampf              10     1   2  2  

5 vs 5 Defense 
   Defense                  Defense                                           Time % Phy DF OF 
 1 Neal Pionk               Mike Reilly                                       35     1   2  2  
 2 Zdeno Chara              Adam Pelech                                       35     1   2  2  
 3 Chris Tanev              Jaccob Slavin                                     30     1   2  2  
 4 Neal Pionk               Chris Tanev                                       0      1   2  2  

PowerPlay Forward 
   Center                   Left Wing                Right Wing               Time % Phy DF OF 
 1 Brayden Point            Oliver Bjorkstrand       Elias Lindholm           50     1   2  2  
 2 Mikael Granlund          Jesper Bratt             Connor Brown             50     1   2  2  

PowerPlay Defense
   Defense                  Defense                                           Time % Phy DF OF 
 1 Neal Pionk               Zdeno Chara                                       50     1   2  2  
 2 Mike Reilly              Adam Pelech                                       50     1   2  2  

Penalty Kill 4 Players Forward 
   Center                   Wing                     Time % Phy DF OF 
 1 Mikael Granlund          Elias Lindholm           50     1   2  2  
 2 Nick Bonino              Connor Brown             50     1   2  2  

Penalty Kill 4 Players Defense
   Defense                  Defense                  Time % Phy DF OF 
 1 Neal Pionk               Mike Reilly              50     1   2  2  
 2 Zdeno Chara              Mike Reilly              50     1   2  2  

Penalty Kill - 3 Players Forward 
   Forward                                           Time % Phy DF OF 
 1 Mikael Granlund                                   50     1   2  2  
 2 Nick Bonino                                       50     1   2  2  

Penalty Kill - 3 Players Defense
   Defense                  Defense                  Time % Phy DF OF 
 1 Jaccob Slavin            Adam Pelech              50     1   2  2  
 2 Zdeno Chara              Mike Reilly              50     1   2  2  

4 vs 4 Forward 
   Center                   Wing                     Time % Phy DF OF 
 1 Mikael Granlund          Oliver Bjorkstrand       50     1   2  2  
 2 Nick Bonino              Connor Brown             50     1   2  2  

4 vs 4 Defense
   Defense                  Defense                  Time % Phy DF OF 
 1 Neal Pionk               Mike Reilly              50     1   2  2  
 2 Zdeno Chara              Adam Pelech              50     1   2  2  

Last Minutes Offensive
   Center                   Left Wing                Right Wing               Defense                  Defense                  
   Brayden Point            Anthony Beauvillier      Elias Lindholm           Neal Pionk               Adam Pelech              

Last Minutes Defensive
   Center                   Left Wing                Right Wing               Defense                  Defense                  
   Brayden Point            Jesper Bratt             Elias Lindholm           Neal Pionk               Jaccob Slavin            

Goaltenders
Starting : Thomas Greiss            
Backup : Jacob Markstrom          

Extra Forwards
Normal : Nick Bonino, Connor Brown, Oliver Bjorkstrand - PP : Nick Bonino, Connor Brown - PK : Nick Bonino
Extra Defensemen
Normal : Jaccob Slavin, Mike Reilly, Zdeno Chara - PP : Jaccob Slavin - PK : Mike Reilly, Zdeno Chara
Penalty Shots
Brayden Point, Elias Lindholm, Oliver Bjorkstrand, Connor Brown, Jesper Bratt
Custom OT Lines Forwards
Elias Lindholm, Oliver Bjorkstrand, Brayden Point, Nick Bonino, Mikael Granlund, Connor Brown, Riley Nash, Anthony Beauvillier, David Kampf, Jesper Bratt
Custom OT Lines Defensemen
Neal Pionk, Zdeno Chara, Adam Pelech, Jaccob Slavin, Mike Reilly

Scratches
Evgeni Malkin (Sports Hernia Injury), Claude Giroux (Sprained Right Ankle Injury)

% Time on Ice - LOS ANGELES SEALS

Lines # - Real PCT - Wanted PCT - Time Play
Normal Forward
1 - 28% - 36% - 14:15
2 - 30% - 31% - 15:01
3 - 23% - 23% - 11:23
4 - 19% - 10% - 9:26
Normal Defense
1 - 34% - 36% - 17:03
2 - 33% - 31% - 16:17
3 - 27% - 23% - 13:35
4 - 6% - 10% - 3:10
PP Forward
1 - 65% - 55% - 3:51
2 - 35% - 45% - 2:06
PP Defense
1 - 33% - 55% - 1:58
2 - 67% - 45% - 3:59
PK Forward
1 - 54% - 55% - 2:08
2 - 46% - 45% - 1:50
PK Defense
1 - 43% - 55% - 1:42
2 - 57% - 45% - 2:16
PK3 Forward
1 - 0% - 55%
2 - 0% - 45%
PK3 Defense
1 - 0% - 55%
2 - 0% - 45%
44 Forward
1 - 0% - 55%
2 - 0% - 45%
44 Defense
1 - 0% - 55%
2 - 0% - 45%
Last Minute Offensive  - 0:00
Last Minute Defensive  - 0:00
Total
Forward - 60:00
Defense - 60:00

% Time on Ice - SAN JOSE BRONCOS

Lines # - Real PCT - Wanted PCT - Time Play
Normal Forward
1 - 37% - 30% - 18:40
2 - 27% - 30% - 13:29
3 - 27% - 30% - 13:32
4 - 9% - 10% - 4:24
Normal Defense
1 - 31% - 35% - 15:39
2 - 33% - 35% - 16:22
3 - 36% - 30% - 18:04
4 - 0% - 0% - 0:00
PP Forward
1 - 49% - 50% - 1:56
2 - 51% - 50% - 2:02
PP Defense
1 - 50% - 50% - 1:59
2 - 50% - 50% - 1:59
PK Forward
1 - 55% - 50% - 3:15
2 - 45% - 50% - 2:42
PK Defense
1 - 41% - 50% - 2:25
2 - 59% - 50% - 3:32
PK3 Forward
1 - 0% - 50%
2 - 0% - 50%
PK3 Defense
1 - 0% - 50%
2 - 0% - 50%
44 Forward
1 - 0% - 50%
2 - 0% - 50%
44 Defense
1 - 0% - 50%
2 - 0% - 50%
Last Minute Offensive  - 0:00
Last Minute Defensive  - 0:00
Total
Forward - 60:00
Defense - 60:00

Play-by-Play

1st period


0:01 of 1st period - Brayden Point wins face-off versus Kyle Clifford in neutral zone.
0:15 of 1st period - Shot by Jakob Silfverberg.
0:15 of 1st period - Goal by Jakob Silfverberg - LOS ANGELES SEALS : 1 - SAN JOSE BRONCOS : 0.
0:16 of 1st period - Elias Lindholm wins face-off versus Matt Duchene in neutral zone.
1:16 of 1st period - Icing by David Kampf.
1:17 of 1st period - Mikael Granlund wins face-off versus Radek Faksa in SAN JOSE BRONCOS zone.
2:38 of 1st period - Shot by Jakob Silfverberg.
2:38 of 1st period - Shot Misses the Net.
2:40 of 1st period - Shot by Jakob Silfverberg.
2:40 of 1st period - Shot Misses the Net.
2:46 of 1st period - Shot by Erik Haula.
2:46 of 1st period - Stopped by Thomas Greiss without a rebound.
2:47 of 1st period - Elias Lindholm wins face-off versus Oskar Sundqvist in SAN JOSE BRONCOS zone.
2:47 of 1st period - Elias Lindholm is hit by Oskar Sundqvist.
2:58 of 1st period - Icing by Jack Roslovic.
2:59 of 1st period - Nick Bonino wins face-off versus Oskar Sundqvist in LOS ANGELES SEALS zone.
3:14 of 1st period - Minor Penalty to Oskar Sundqvist for Slashing.
3:15 of 1st period - Darren Helm wins face-off versus Brayden Point in LOS ANGELES SEALS zone.
3:32 of 1st period - Shot by Elias Lindholm.
3:32 of 1st period - Shot Misses the Net.
4:23 of 1st period - Shot by Jesper Bratt.
4:23 of 1st period - Stopped by Cal Petersen without a rebound.
4:24 of 1st period - Jakob Silfverberg wins face-off versus Mikael Granlund in LOS ANGELES SEALS zone.
6:31 of 1st period - Shot by Erik Haula.
6:31 of 1st period - Stopped by Thomas Greiss with a rebound.
8:36 of 1st period - Shot by Oliver Bjorkstrand.
8:36 of 1st period - Stopped by Cal Petersen with a rebound.
9:16 of 1st period - Icing by Marcus Pettersson.
9:17 of 1st period - Radek Faksa wins face-off versus Nick Bonino in LOS ANGELES SEALS zone.
9:27 of 1st period - Icing by Marcus Pettersson.
9:28 of 1st period - Radek Faksa wins face-off versus Brayden Point in LOS ANGELES SEALS zone.
10:22 of 1st period - Shot by Jakob Silfverberg.
10:22 of 1st period - Shot Misses the Net.
10:24 of 1st period - Shot by Jakob Silfverberg.
10:24 of 1st period - Shot Misses the Net.
10:26 of 1st period - Shot by Jakob Silfverberg.
10:26 of 1st period - Stopped by Thomas Greiss with a rebound.
10:28 of 1st period - Shot by Noah Dobson.
10:28 of 1st period - Stopped by Thomas Greiss with a rebound.
11:18 of 1st period - Shot by Matt Duchene.
11:18 of 1st period - Stopped by Thomas Greiss without a rebound.
11:19 of 1st period - Oskar Sundqvist wins face-off versus Oliver Bjorkstrand in SAN JOSE BRONCOS zone.
11:26 of 1st period - Shot by Jack Roslovic.
11:26 of 1st period - Stopped by Thomas Greiss without a rebound.
11:27 of 1st period - Elias Lindholm wins face-off versus Oskar Sundqvist in SAN JOSE BRONCOS zone.
11:33 of 1st period - Off-side.
11:34 of 1st period - Brayden Point wins face-off versus Kyle Clifford in neutral zone.
13:05 of 1st period - Shot by Oliver Wahlstrom.
13:05 of 1st period - Stopped by Cal Petersen without a rebound.
13:06 of 1st period - Elias Lindholm wins face-off versus Matt Duchene in LOS ANGELES SEALS zone.
13:10 of 1st period - Elias Lindholm is hit by Greg Pateryn and loses puck.
13:21 of 1st period - Shot by Connor Brown.
13:21 of 1st period - Stopped by Cal Petersen without a rebound.
13:22 of 1st period - Oskar Sundqvist wins face-off versus Jesper Bratt in LOS ANGELES SEALS zone.
13:27 of 1st period - Shot by Jack Roslovic.
13:27 of 1st period - Stopped by Thomas Greiss with a rebound.
13:44 of 1st period - Icing by Tobias Bjornfot.
13:45 of 1st period - Elias Lindholm wins face-off versus Oskar Sundqvist in LOS ANGELES SEALS zone.
13:45 of 1st period - Elias Lindholm is hit by Tobias Bjornfot.
13:51 of 1st period - Shot by Connor Brown.
13:51 of 1st period - Stopped by Cal Petersen without a rebound.
13:52 of 1st period - Matt Duchene wins face-off versus Mikael Granlund in LOS ANGELES SEALS zone.
15:11 of 1st period - Shot by Isac Lundestrom.
15:11 of 1st period - Shot Blocked by Zdeno Chara.
16:39 of 1st period - Icing by Jaccob Slavin.
16:40 of 1st period - Brayden Point wins face-off versus Kyle Clifford in SAN JOSE BRONCOS zone.
17:08 of 1st period - Shot by Oliver Bjorkstrand.
17:08 of 1st period - Stopped by Cal Petersen without a rebound.
17:09 of 1st period - Elias Lindholm wins face-off versus Matt Duchene in LOS ANGELES SEALS zone.
17:36 of 1st period - Shot by Matt Duchene.
17:36 of 1st period - Shot Misses the Net.
17:47 of 1st period - Anthony Beauvillier is hit by Marcus Pettersson and loses puck.
18:13 of 1st period - Shot by Nick Bonino.
18:13 of 1st period - Stopped by Cal Petersen without a rebound.
18:14 of 1st period - Brayden Point wins face-off versus Kyle Clifford in LOS ANGELES SEALS zone.
18:21 of 1st period - Shot by Oliver Bjorkstrand.
18:21 of 1st period - Stopped by Cal Petersen with a rebound.
18:42 of 1st period - Shot by Oliver Bjorkstrand.
18:42 of 1st period - Shot Misses the Net.
18:44 of 1st period - Shot by Jesper Bratt.
18:44 of 1st period - Shot Misses the Net.
19:23 of 1st period - Mikael Granlund is hit by Greg Pateryn and loses puck.
19:26 of 1st period - Shot by Mikael Granlund.
19:26 of 1st period - Shot Blocked by Tobias Bjornfot.
19:28 of 1st period - Shot by Mikael Granlund.
19:28 of 1st period - Goal by Mikael Granlund - LOS ANGELES SEALS : 1 - SAN JOSE BRONCOS : 1.
19:29 of 1st period - Elias Lindholm wins face-off versus Radek Faksa in neutral zone.
19:52 of 1st period - Shot by Radek Faksa.
19:52 of 1st period - Stopped by Thomas Greiss with a rebound.
19:54 of 1st period - Shot by Darren Helm.
19:54 of 1st period - Stopped by Thomas Greiss without a rebound.
19:55 of 1st period - Matt Duchene wins face-off versus Mikael Granlund in SAN JOSE BRONCOS zone.
19:58 of 1st period - Shot by Tyler Johnson.
19:58 of 1st period - Stopped by Thomas Greiss without a rebound.
19:59 of 1st period - Mikael Granlund wins face-off versus Matt Duchene in SAN JOSE BRONCOS zone.
Goals for this period are 1 for LOS ANGELES SEALS vs 1 for SAN JOSE BRONCOS.
Shots for this period are 11 for LOS ANGELES SEALS vs 9 for SAN JOSE BRONCOS.

2nd period


0:01 of 2nd period - Mikael Granlund wins face-off versus Matt Duchene in neutral zone.
0:28 of 2nd period - Shot by Matt Duchene.
0:28 of 2nd period - Stopped by Thomas Greiss with a rebound.
0:30 of 2nd period - Shot by Matt Duchene.
0:30 of 2nd period - Shot Misses the Net.
0:32 of 2nd period - Shot by Matt Duchene.
0:32 of 2nd period - Shot Misses the Net.
0:34 of 2nd period - Shot by Matt Duchene.
0:34 of 2nd period - Shot Misses the Net.
0:36 of 2nd period - Shot by Matt Duchene.
0:36 of 2nd period - Stopped by Thomas Greiss without a rebound.
0:37 of 2nd period - Kyle Clifford wins face-off versus Brayden Point in SAN JOSE BRONCOS zone.
0:39 of 2nd period - Minor Penalty to Zdeno Chara for Roughing.
0:40 of 2nd period - Nick Bonino wins face-off versus Radek Faksa in SAN JOSE BRONCOS zone.
1:56 of 2nd period - Shot by Tobias Bjornfot.
1:56 of 2nd period - Stopped by Thomas Greiss with a rebound.
2:44 of 2nd period - Shot by Owen Tippett.
2:44 of 2nd period - Shot Misses the Net.
3:16 of 2nd period - Shot by Oliver Bjorkstrand.
3:16 of 2nd period - Stopped by Cal Petersen with a rebound.
3:42 of 2nd period - Shot by David Kampf.
3:42 of 2nd period - Shot Misses the Net.
3:53 of 2nd period - Isac Lundestrom is hit by Zdeno Chara and loses puck.
4:20 of 2nd period - Shot by Erik Haula.
4:20 of 2nd period - Stopped by Thomas Greiss with a rebound.
5:23 of 2nd period - Shot by Brayden Point.
5:23 of 2nd period - Shot Misses the Net.
5:43 of 2nd period - Shot by Brayden Point.
5:43 of 2nd period - Shot Misses the Net.
6:17 of 2nd period - Shot by Oskar Sundqvist.
6:17 of 2nd period - Shot Hit the Post.
6:20 of 2nd period - Icing by Adam Pelech.
6:21 of 2nd period - Mikael Granlund wins face-off versus Oskar Sundqvist in SAN JOSE BRONCOS zone.
7:06 of 2nd period - Off-side.
7:07 of 2nd period - Kyle Clifford wins face-off versus Brayden Point in neutral zone.
8:31 of 2nd period - Darren Helm is hit by Adam Pelech and loses puck.
8:53 of 2nd period - Oskar Sundqvist is hit by Zdeno Chara and loses puck.
9:02 of 2nd period - Shot by Isac Lundestrom.
9:02 of 2nd period - Stopped by Thomas Greiss without a rebound.
9:03 of 2nd period - Matt Duchene wins face-off versus Mikael Granlund in SAN JOSE BRONCOS zone.
9:08 of 2nd period - Shot by Matt Duchene.
9:08 of 2nd period - Shot Misses the Net.
10:42 of 2nd period - Shot by Brayden Point.
10:42 of 2nd period - Stopped by Cal Petersen with a rebound.
10:53 of 2nd period - Icing by Chris Tanev.
10:54 of 2nd period - Brayden Point wins face-off versus Radek Faksa in SAN JOSE BRONCOS zone.
10:54 of 2nd period - Brayden Point is hit by Owen Tippett.
12:04 of 2nd period - Minor Penalty to Jaccob Slavin for Hooking.
12:05 of 2nd period - Nick Bonino wins face-off versus Radek Faksa in SAN JOSE BRONCOS zone.
12:47 of 2nd period - Icing by Adam Boqvist.
12:48 of 2nd period - Nick Bonino wins face-off versus Matt Duchene in LOS ANGELES SEALS zone.
13:17 of 2nd period - Off-side.
13:18 of 2nd period - Radek Faksa wins face-off versus Mikael Granlund in neutral zone.
14:10 of 2nd period - Icing by Christian Wolanin.
14:11 of 2nd period - Oskar Sundqvist wins face-off versus Brayden Point in LOS ANGELES SEALS zone.
14:18 of 2nd period - Shot by Isac Lundestrom.
14:18 of 2nd period - Shot Misses the Net.
14:35 of 2nd period - Icing by Marcus Pettersson.
14:36 of 2nd period - Oskar Sundqvist wins face-off versus Mikael Granlund in LOS ANGELES SEALS zone.
14:43 of 2nd period - Shot by Jack Roslovic.
14:43 of 2nd period - Stopped by Thomas Greiss without a rebound.
14:44 of 2nd period - Kyle Clifford wins face-off versus Mikael Granlund in SAN JOSE BRONCOS zone.
15:10 of 2nd period - Shot by Mikael Granlund.
15:10 of 2nd period - Shot Misses the Net.
15:12 of 2nd period - Shot by Mikael Granlund.
15:12 of 2nd period - Deflect By Oliver Wahlstrom.
15:12 of 2nd period - Stopped by Cal Petersen without a rebound.
15:13 of 2nd period - Elias Lindholm wins face-off versus Matt Duchene in LOS ANGELES SEALS zone.
15:16 of 2nd period - Shot by Anthony Beauvillier.
15:16 of 2nd period - Goal by Anthony Beauvillier - LOS ANGELES SEALS : 1 - SAN JOSE BRONCOS : 2.
15:17 of 2nd period - Elias Lindholm wins face-off versus Tyler Johnson in neutral zone.
15:24 of 2nd period - Elias Lindholm is hit by Marcus Pettersson and loses puck.
16:07 of 2nd period - Connor Brown is hit by Kyle Clifford and loses puck.
16:21 of 2nd period - Icing by Greg Pateryn.
16:22 of 2nd period - Mikael Granlund wins face-off versus Kyle Clifford in LOS ANGELES SEALS zone.
18:12 of 2nd period - Darren Helm is hit by Oliver Bjorkstrand and loses puck.
19:08 of 2nd period - Matt Duchene is hit by Jesper Bratt and loses puck.
19:28 of 2nd period - Icing by Marcus Pettersson.
19:29 of 2nd period - Matt Duchene wins face-off versus Mikael Granlund in LOS ANGELES SEALS zone.
Goals for this period are 0 for LOS ANGELES SEALS vs 1 for SAN JOSE BRONCOS.
Shots for this period are 6 for LOS ANGELES SEALS vs 4 for SAN JOSE BRONCOS.

3rd period


0:01 of 3rd period - Kyle Clifford wins face-off versus Elias Lindholm in neutral zone.
0:12 of 3rd period - Shot by Christian Wolanin.
0:12 of 3rd period - Stopped by Thomas Greiss with a rebound.
0:14 of 3rd period - Shot by Christian Wolanin.
0:14 of 3rd period - Stopped by Thomas Greiss without a rebound.
0:15 of 3rd period - Matt Duchene wins face-off versus Mikael Granlund in SAN JOSE BRONCOS zone.
0:20 of 3rd period - Shot by Matt Duchene.
0:20 of 3rd period - Shot Misses the Net.
0:31 of 3rd period - Minor Penalty to Marcus Pettersson for Holding.
0:32 of 3rd period - Brayden Point wins face-off versus Oskar Sundqvist in LOS ANGELES SEALS zone.
0:37 of 3rd period - Shot by Brayden Point.
0:37 of 3rd period - Stopped by Cal Petersen without a rebound.
0:38 of 3rd period - Oskar Sundqvist wins face-off versus Mikael Granlund in LOS ANGELES SEALS zone.
0:44 of 3rd period - Icing by Jesper Bratt.
0:45 of 3rd period - Mikael Granlund wins face-off versus Oskar Sundqvist in SAN JOSE BRONCOS zone.
1:18 of 3rd period - Shot by Connor Brown.
1:18 of 3rd period - Stopped by Cal Petersen without a rebound.
1:19 of 3rd period - Brayden Point wins face-off versus Jakob Silfverberg in LOS ANGELES SEALS zone.
2:44 of 3rd period - Shot by Matt Duchene.
2:44 of 3rd period - Shot Misses the Net.
3:02 of 3rd period - Tyler Johnson is hit by Chris Tanev and loses puck.
3:45 of 3rd period - Shot by Connor Brown.
3:45 of 3rd period - Shot Misses the Net.
3:51 of 3rd period - Shot by Connor Brown.
3:51 of 3rd period - Stopped by Cal Petersen without a rebound.
3:52 of 3rd period - Owen Tippett wins face-off versus Brayden Point in LOS ANGELES SEALS zone.
3:52 of 3rd period - Owen Tippett is hit by Oliver Bjorkstrand.
4:11 of 3rd period - Minor Penalty to Oliver Bjorkstrand for Hooking.
4:12 of 3rd period - Radek Faksa wins face-off versus Mikael Granlund in SAN JOSE BRONCOS zone.
4:28 of 3rd period - Icing by Jakob Silfverberg.
4:29 of 3rd period - Radek Faksa wins face-off versus Nick Bonino in LOS ANGELES SEALS zone.
4:38 of 3rd period - Greg Pateryn is hit by Neal Pionk and loses puck.
6:28 of 3rd period - Shot by Jaccob Slavin.
6:28 of 3rd period - Stopped by Cal Petersen with a rebound.
6:45 of 3rd period - Shot by Brayden Point.
6:45 of 3rd period - Stopped by Cal Petersen without a rebound.
6:46 of 3rd period - Radek Faksa wins face-off versus Mikael Granlund in LOS ANGELES SEALS zone.
6:46 of 3rd period - Radek Faksa is hit by David Kampf.
7:02 of 3rd period - Shot by Owen Tippett.
7:02 of 3rd period - Stopped by Thomas Greiss without a rebound.
7:03 of 3rd period - Elias Lindholm wins face-off versus Kyle Clifford in SAN JOSE BRONCOS zone.
7:40 of 3rd period - Off-side.
7:41 of 3rd period - Matt Duchene wins face-off versus Mikael Granlund in neutral zone.
7:48 of 3rd period - Mike Reilly is hit by Patrick Maroon and loses puck.
7:52 of 3rd period - Icing by Mike Reilly.
7:53 of 3rd period - Mikael Granlund wins face-off versus Radek Faksa in SAN JOSE BRONCOS zone.
8:19 of 3rd period - Off-side.
8:20 of 3rd period - Elias Lindholm wins face-off versus Matt Duchene in neutral zone.
8:39 of 3rd period - Shot by Matt Duchene.
8:39 of 3rd period - Stopped by Thomas Greiss without a rebound.
8:40 of 3rd period - Jakob Silfverberg wins face-off versus Brayden Point in SAN JOSE BRONCOS zone.
8:40 of 3rd period - Erik Haula is hit by Neal Pionk and loses puck.
9:09 of 3rd period - Shot by Erik Haula.
9:09 of 3rd period - Shot Misses the Net.
9:11 of 3rd period - Shot by Adam Boqvist.
9:11 of 3rd period - Stopped by Thomas Greiss without a rebound.
9:12 of 3rd period - Matt Duchene wins face-off versus Mikael Granlund in SAN JOSE BRONCOS zone.
9:13 of 3rd period - Shot by Tyler Johnson.
9:13 of 3rd period - Stopped by Thomas Greiss without a rebound.
9:14 of 3rd period - Matt Duchene wins face-off versus Mikael Granlund in SAN JOSE BRONCOS zone.
10:21 of 3rd period - Shot by Erik Haula.
10:21 of 3rd period - Goal by Erik Haula - LOS ANGELES SEALS : 2 - SAN JOSE BRONCOS : 2.
10:22 of 3rd period - Radek Faksa wins face-off versus Elias Lindholm in neutral zone.
12:00 of 3rd period - Jaccob Slavin is hit by Kyle Clifford and loses puck.
12:05 of 3rd period - Shot by Jakob Silfverberg.
12:05 of 3rd period - Deflect By Erik Haula.
12:05 of 3rd period - Shot Blocked by Chris Tanev.
12:07 of 3rd period - Shot by Noah Dobson.
12:07 of 3rd period - Deflect By Jakob Silfverberg.
12:07 of 3rd period - Shot Misses the Net.
12:30 of 3rd period - Shot by Patrick Maroon.
12:30 of 3rd period - Shot Misses the Net.
12:32 of 3rd period - Shot by Tobias Bjornfot.
12:32 of 3rd period - Stopped by Thomas Greiss without a rebound.
12:33 of 3rd period - Mikael Granlund wins face-off versus Oskar Sundqvist in SAN JOSE BRONCOS zone.
12:40 of 3rd period - Shot by Mikael Granlund.
12:40 of 3rd period - Stopped by Cal Petersen without a rebound.
12:41 of 3rd period - Elias Lindholm wins face-off versus Matt Duchene in LOS ANGELES SEALS zone.
12:53 of 3rd period - Shot by Mike Reilly.
12:53 of 3rd period - Stopped by Cal Petersen without a rebound.
12:54 of 3rd period - Mikael Granlund wins face-off versus Oskar Sundqvist in LOS ANGELES SEALS zone.
13:08 of 3rd period - Marcus Pettersson is hit by Mikael Granlund and loses puck.
13:21 of 3rd period - Shot by David Kampf.
13:21 of 3rd period - Stopped by Cal Petersen with a rebound.
13:53 of 3rd period - Shot by Connor Brown.
13:53 of 3rd period - Stopped by Cal Petersen without a rebound.
13:54 of 3rd period - Kyle Clifford wins face-off versus Elias Lindholm in LOS ANGELES SEALS zone.
14:27 of 3rd period - Shot by Connor Brown.
14:27 of 3rd period - Stopped by Cal Petersen without a rebound.
14:28 of 3rd period - Brayden Point wins face-off versus Matt Duchene in LOS ANGELES SEALS zone.
14:29 of 3rd period - Shot by Oliver Bjorkstrand.
14:29 of 3rd period - Deflect By Brayden Point.
14:29 of 3rd period - Shot Misses the Net.
15:18 of 3rd period - Icing by Jesper Bratt.
15:19 of 3rd period - Brayden Point wins face-off versus Kyle Clifford in SAN JOSE BRONCOS zone.
15:36 of 3rd period - Shot by Erik Haula.
15:36 of 3rd period - Shot Misses the Net.
15:48 of 3rd period - Marcus Pettersson is hit by Jesper Bratt and loses puck.
15:55 of 3rd period - Jaccob Slavin is hit by Kyle Clifford and loses puck.
16:13 of 3rd period - Shot by Radek Faksa.
16:13 of 3rd period - Shot Misses the Net.
16:15 of 3rd period - Shot by Radek Faksa.
16:15 of 3rd period - Shot Hit the Post.
16:17 of 3rd period - Shot by Radek Faksa.
16:17 of 3rd period - Shot Misses the Net.
16:19 of 3rd period - Shot by Radek Faksa.
16:19 of 3rd period - Deflect By Owen Tippett.
16:19 of 3rd period - Shot Misses the Net.
16:21 of 3rd period - Shot by Adam Boqvist.
16:21 of 3rd period - Stopped by Thomas Greiss with a rebound.
16:23 of 3rd period - Shot by Radek Faksa.
16:23 of 3rd period - Shot Misses the Net.
17:18 of 3rd period - Shot by Tyler Johnson.
17:18 of 3rd period - Stopped by Thomas Greiss with a rebound.
17:20 of 3rd period - Shot by Greg Pateryn.
17:20 of 3rd period - Stopped by Thomas Greiss with a rebound.
17:22 of 3rd period - Shot by Tyler Johnson.
17:22 of 3rd period - Shot Misses the Net.
18:47 of 3rd period - Off-side.
18:48 of 3rd period - Radek Faksa wins face-off versus Elias Lindholm in neutral zone.
19:15 of 3rd period - Shot by Elias Lindholm.
19:15 of 3rd period - Shot Misses the Net.
19:17 of 3rd period - Shot by Connor Brown.
19:17 of 3rd period - Stopped by Cal Petersen without a rebound.
19:18 of 3rd period - Matt Duchene wins face-off versus Nick Bonino in LOS ANGELES SEALS zone.
19:48 of 3rd period - Shot by Tyler Johnson.
19:48 of 3rd period - Shot Misses the Net.
19:50 of 3rd period - Shot by Marcus Pettersson.
19:50 of 3rd period - Deflect By Tyler Johnson.
19:50 of 3rd period - Shot Misses the Net.
19:52 of 3rd period - Shot by Noah Dobson.
19:52 of 3rd period - Stopped by Thomas Greiss without a rebound.
19:53 of 3rd period - Elias Lindholm wins face-off versus Erik Haula in SAN JOSE BRONCOS zone.
Goals for this period are 1 for LOS ANGELES SEALS vs 0 for SAN JOSE BRONCOS.
Shots for this period are 12 for LOS ANGELES SEALS vs 11 for SAN JOSE BRONCOS.

Overtime #1


0:01 of 1st overtime period - Matt Duchene wins face-off versus Elias Lindholm in neutral zone.
0:08 of 1st overtime period - Shot by Matt Duchene.
0:08 of 1st overtime period - Goal by Matt Duchene - LOS ANGELES SEALS : 3 - SAN JOSE BRONCOS : 2.
Goals for this period are 1 for LOS ANGELES SEALS vs 0 for SAN JOSE BRONCOS.
Shots for this period are 1 for LOS ANGELES SEALS vs 0 for SAN JOSE BRONCOS.


SCOTT
LAUGHTON
IGOR
SHESTERKIN
ALEX
TUCH

EAST COAST

HOCKEY LEAGUE

  • 9.CHI2QUE6
  • 10.LIM2CHA3
  • 11.LON6TRV4
  • 12.BAL3CHW2
  • 13.MANPIT
  • 14.NHWATL
  • 15.PETWOR
  • 16.RHI